 Dungeon Sprint DCSS version 0.30-a0-920-g7493c07aab (webtiles) character file.

Game seed: 11131259599214884341

445 testman the Grappler (level 6, -1/74 HPs)
             Began as a Troll Berserker on Mar 21, 2023.
             Was a Believer of Trog.
             Slain by Sonja
             ... wielding a +1 dagger of venom
              (3 damage)
             ... in the Dungeon (Sprint I: "Red Sonja").
             The game lasted 00:01:45 (218 turns).

testman the Grappler (Troll Berserker)               Turns: 218, Time: 00:01:46

Health: -1/74      AC:  4    Str: 28    XL:     6   Next: 72%
Magic:  5/5        EV: 10    Int:  3    God:    Trog [**....]
Gold:   405        SH:  0    Dex:  9    Spells: 5/5 levels left

rFire   . . .      SeeInvis .      - Unarmed
rCold   . . .      Faith    .    (no shield)
rNeg    . . .      Spirit   .    a - +0 animal skin
rPois   .          Reflect  .    (helmet restricted)
rElec   .          Rampage  .    (no cloak)
rCorr   .          NoTele   +    (gloves unavailable)
Will    ++...                    (boots unavailable)
Stlth   +                        (no amulet)
HPRegen 2.12/turn                (no ring)
MPRegen 0.09/turn                (no ring)

@: lethally poisoned (-1 -> -17), strong-willed, on berserk cooldown,
regenerating, slowed, very slow
A: large, unfitting armour, claws 3, regeneration 1, shaggy fur 1, tough skin 1
a: Renounce Religion, Berserk, Trog's Hand


You were in the Dungeon.
You worshipped Trog.
Trog was pleased with you.
You visited 1 branch You collected 405 gold pieces.

Inventory:

Missiles
 j - 6 curare-tipped darts (quivered)
Armour
 a - a +0 animal skin (worn)
Wands
 h - a wand of flame (9)
Scrolls
 g - a scroll of blinking
Potions
 d - a potion of haste
 e - 2 potions of magic
 f - a potion of berserk rage
 i - 3 potions of lignification {unknown}


   Skills:
 + Level 8.5 Fighting
 + Level 2.8 Throwing
 + Level 3.7 Dodging
 + Level 10.2 Unarmed Combat


You had 5 spell levels left.
You didn't know any spells.
Your spell library was empty.

Dungeon Overview and Level Annotations

Branches:
Dungeon (1/1)

Altars:
Makhleb
Sif Muna
Vehumet
Wu Jian
Xom
Jiyva
Lugonu

Annotations:
D Sonja


Innate Abilities, Weirdness & Mutations

You are too large for most types of armour.
You have claws for hands.
Your natural rate of healing is unusually fast.
You are covered in fur. (AC +1)
You have tough skin. (AC +1)


Message History

* * * LOW HITPOINT WARNING * * *
You feel very sick.
* * * LOW HITPOINT WARNING * * *
You feel extremely sick.
Sonja shouts, "Hah!
Missed me again!"
Sonja mumbles some strange words.
Sonja blinks!
Sonja mumbles some strange words.
Sonja blinks!
Sonja shouts, "Too slow!"
Sonja casts a spell.
Sonja blinks!
There is an open door here.
You feel better.
Sonja casts a spell.
Sonja blinks!
You feel much better.
Sonja hits you with a +1 dagger of venom!
Sonja hits you with a +1 dagger of venom.
* * * LOW HITPOINT WARNING * * *
You are poisoned.
Sonja hits you with a +1 dagger of venom.
* * * LOW HITPOINT WARNING * * *
You are more poisoned.
You miss Sonja.
Sonja is moderately wounded.
You feel very sick.
Sonja hits you with a +1 dagger of venom.
* * * LOW HITPOINT WARNING * * *
You are more poisoned.
Sonja hits you but does no damage. Sonja misses you.
You miss Sonja.
Sonja is moderately wounded.
You feel very sick.
Sonja hits you with a +1 dagger of venom!
* * * LOW HITPOINT WARNING * * *
You are more poisoned.
Sonja barely misses you.
Sonja hits you with a +1 dagger of venom.
You die...

#<.#..)..#..'..#__#..+
#..)..#..').#..'..'..#
#..#####'#####'#__####
#..# #..#...#.####
#..# ####..##:# #..#
##'#_.+ #⌠⌠# +..._#
#### #_.#'# ##@#(#
##K### +$.$+ #$.$#
##.## #+#


You could see Sonja.

Vanquished Creatures
  Sigmund (D)
  A slime creature (D)
  An ogre (D)
  A jelly (D)
  Ijyb (D)
5 creatures vanquished.

Notes
Turn   | Place    | Note
-------+----------+-------------------------------------------
     0 | D        | testman the Troll Berserker began the quest for the Orb.
     0 | D        | Reached XP level 1. HP: 22/22 MP: 0/0
     1 | D        | Noticed Ijyb
     9 | D        | Killed Ijyb
    10 | D        | Reached skill level 5 in Unarmed Combat
    10 | D        | Reached XP level 2. HP: 32/32 MP: 1/1
    47 | D        | Noticed an ogre
    52 | D        | Killed an ogre
    53 | D        | Reached skill level 5 in Fighting
    53 | D        | Reached skill level 7 in Unarmed Combat
    53 | D        | Reached XP level 3. HP: 34/44 MP: 2/2
    53 | D        | Reached XP level 4. HP: 40/52 MP: 3/3
    94 | D        | Noticed Sigmund
    99 | D        | Killed Sigmund
    99 | D        | Reached ** piety under Trog
   100 | D        | Reached skill level 9 in Unarmed Combat
   100 | D        | Reached XP level 5. HP: 63/63 MP: 4/4
   110 | D        | Found a shimmering blue altar of Sif Muna.
   111 | D        | Found an ornate altar of the Wu Jian Council.
   112 | D        | Found a radiant altar of Vehumet.
   116 | D        | Reached XP level 6. HP: 71/72 MP: 5/5
   151 | D        | Found a burning altar of Makhleb.
   151 | D        | Found a viscous altar of Jiyva.
   151 | D        | Found a shimmering altar of Xom.
   151 | D        | Found a corrupted altar of Lugonu.
   151 | D        | Noticed a slime creature
   158 | D        | Killed a slime creature
   159 | D        | Reached skill level 10 in Unarmed Combat
   200 | D        | Noticed Sonja
   218 | D        | HP: 2/74 [Sonja/+1 dagger of venom (7)]
   218 | D        | Slain by Sonja

Illustrated notes

Levels and vault maps discovered:
D:        dungeon_sprint_1 [red_sonja_temple_1, red_sonja_temple_small_1]

Skill      XL: |  1  2  3  4  5  6 |
---------------+-------------------+-----
Fighting       | 4 5 7 8 |  8.5
Unarmed Combat | 5 7 9 10 | 10.2
Throwing       | 2 |  2.8
Dodging        | 3 |  3.7

Action                     |  1- 3 |  4- 6 || total
---------------------------+-------+-------++-------
  Melee: Unarmed           |    11 |    21 ||    32
         Punch             |       |     1 ||     1
 Invoke: Berserk           |     2 |     2 ||     4
         Trog's Hand       |       |     1 ||     1
    Use: Potion            |       |     2 ||     2
 Armour: Animal skin       |     1 |     2 ||     3
  Dodge: Dodged            |     1 |     7 ||     8

Table legend: (Time is in decaauts)
 A = Elapsed time spent in this place.
 B = Non-inter-level travel time spent in this place.
 C = Inter-level travel time spent in this place.
 D = Time resting spent in this place.
 E = Time spent auto-exploring this place.
 F = Levels seen in this place.
 G = Mean time per level.
                   A        B        C        D        E       F      G
               +--------+--------+--------+--------+--------+-----+--------+
         Total |    238 |    238 |      0 |    100 |      0 |   1 |  238.0 |
       Dungeon |    238 |    238 |      0 |    100 |      0 |   1 |  238.0 |
               +--------+--------+--------+--------+--------+-----+--------+

Top non-repeatable levels by time:
       D: 238 daAuts
